 Dungeon Sprint DCSS version 0.20-a0-40-gb6e7b4f (webtiles) character file.

2953 esc the Thaumaturge (level 9, -12/59 HPs)
             Began as a Deep Elf Fire Elementalist on Nov 12, 2016.
             Was a Believer of Vehumet.
             Shot with an arrow by a centaur warrior (20 damage)
             ... in the Dungeon (Sprint I: "Red Sonja").
             The game lasted 00:05:07 (842 turns).

esc the Thaumaturge (Deep Elf Fire Elementalist)     Turns: 842, Time: 00:05:08

Health: -12/59     AC:  8    Str:  5    XL:     9   Next: 52%
Magic:  22/36      EV: 19    Int: 24    God:    Vehumet [**....]
Gold:   47         SH:  0    Dex: 15    Spells: 3 memorised, 23 levels left

rFire  . . .     SeeInvis .     n - +2 short sword (distort) {!w}
rCold  . . .     Gourm    .     p - +2 leather armour of the Morning {+Blink rPois rN+ MR+}
rNeg   + . .     Faith    .     (no shield)
rPois  +         Spirit   .     j - +2 helmet
rElec  .         Reflect  .     (no cloak)
rCorr  .         Harm     .     (no gloves)
MR     +....     NoTele   +     (no boots)
Stlth  ++........               (no amulet)
                                (no ring)
                                k - ring of magical power {MP+9}

@: very slightly contaminated
A: no striking features
a: Renounce Religion, Evoke Blink


You were in the Dungeon.
You worshipped Vehumet.
Vehumet was pleased with you.
You were hungry.

You visited 1 branch You collected 838 gold pieces.
You spent 791 gold pieces at shops.

Inventory:

Hand Weapons
 h - a +0 club
   (You took it off Ijyb in the Dungeon)
 m - a +0 blowgun
   (You took it off Sonja in the Dungeon)
 n - a +2 short sword of distortion (weapon) {!w}
   (You took it off Sonja in the Dungeon)
Missiles
 l - 10 curare-tipped needles
Armour
 j - a +2 helmet (worn)
   (You bought it in a shop in the Dungeon)
 p - the +2 leather armour of the Morning (worn) {+Blink rPois rN+ MR+}
   (You bought it in a shop in the Dungeon)

   It protects you from poison.
   It protects you from negative energy.
   It affects your resistance to hostile enchantments.
   It lets you blink.
Jewellery
 k - a ring of magical power (left hand) {MP+9}
   (You found it in the Dungeon)
Wands
 o - a wand of disintegration (15/24)
   (You found it in the Dungeon)
Potions
 d - 3 potions of curing
 e - a potion of heal wounds
 f - a potion of haste
 g - 2 potions of magic
 q - 2 potions of might {unknown}
Books
 b - a book of Flames
Comestibles
 c - 2 bread rations {@e1}


   Skills:
 + Level 8.3 Fighting
 + Level 2.1 Armour
 + Level 11.9 Dodging
 - Level 2.4 Stealth
 + Level 12.8 Spellcasting
 + Level 10.8 Conjurations
 + Level 11.2 Fire Magic


You had 23 spell levels left.
You knew the following spells:

 Your Spells              Type           Power        Failure   Level  Hunger
a - Flame Tongue          Conj/Fire      #####        1%          1    None
f - Fireball              Conj/Fire      ######....   1%          5    ###....
s - Sticky Flame          Conj/Fire      ######..     1%          4    None


Dungeon Overview and Level Annotations

Branches:
Dungeon (1/1)

Altars:
Cheibriados
Dithmenos
Elyvilon
Fedhas
Gozag
Hepliaklqana
Kikubaaqudgha
Makhleb
Nemelex Xobeh
Okawaru
Qazlal
Ru
Sif Muna
Trog
Uskayaw
Vehumet
Xom
Yredelemnul
Zin
The Shining One
Jiyva
Lugonu

Shops:
D !:[


Message History

You see here 21 sling bullets.
There is an open door here.
There is an open door here.
You open the door. 2 centaur warriors come into view.
There is an open door here.
You blink.
Splash!
You fall into the shallow water.
Moving in this stuff is going to be slow.
You feel slightly more hungry.
The centaur warrior shouts! x2
The centaur warrior wields a shortbow.
The centaur warrior shoots an arrow.
The arrow completely misses you.
You hear a splash.
You now have 35/36 mp.
Okay, then.
The centaur warrior closely misses you.
The centaur warrior unwields an uncursed shortbow.
The centaur warrior barely misses you.
The centaur warrior completely misses you.
Aim: a centaur warrior (purple smoke)
The sticky flame hits the centaur warrior.
The centaur warrior is covered in liquid flames!
The centaur warrior burns!
The centaur warrior hits you! The centaur warrior hits you.
You take 12 damage, and have 47/59 hp.
MASSIVE DAMAGE!!
You now have 31/36 mp.
Aim: a centaur warrior (purple smoke)
The sticky flame hits the centaur warrior.
The centaur warrior is covered in liquid flames!
The centaur warrior burns! x2; The centaur warrior hits you. x3
You take 9 damage, and have 38/59 hp.
You now have 28/36 mp.
Aim: a centaur warrior (purple smoke, heavily wounded, covered in liquid flames)
The sticky flame hits the centaur warrior.
The centaur warrior is covered in liquid flames!
The centaur warrior burns! x2
The centaur warrior hits you but does no damage.
The centaur warrior hits you! The centaur warrior hits you.
You take 12 damage, and have 26/59 hp.
MASSIVE DAMAGE!!
You now have 24/36 mp.
Aim: a centaur warrior (heavily wounded, covered in liquid flames)
Okay, then.
You fail to use your ability.
The centaur warrior burns! x2
The centaur warrior completely misses you.
The centaur warrior barely misses you. The centaur warrior closely misses you.
You blink.
Splash!
You fall into the shallow water.
Moving in this stuff is going to be slow.
You feel slightly more hungry.
The centaur warrior burns!
The centaur warrior wields a longbow.
The centaur warrior shoots an arrow.
The arrow hits you!
* * * LOW HITPOINT WARNING * * *
You hear a splash.
The centaur warrior wields an uncursed shortbow.
The centaur warrior shoots an arrow.
The arrow hits you!
* * * LOW HITPOINT WARNING * * *
You hear a splash.
You take 25 damage, and have 1/59 hp.
MASSIVE DAMAGE!!
You now have 23/36 mp.
Really read
i - a scroll of blinking {!r}?
Blink to where?
You are very lightly contaminated with residual magic.
As you read the scroll of blinking {!r}, it crumbles to dust.
You close the door.
You feel much better.
You are feeling hungry.
You regained 25 hp, and now have 26/59 hp.
Something unseen opens the door.
There is an open door here.
You see here a runed falchion.
You close the door.
A centaur warrior opens the door.
The centaur warrior unwields an uncursed shortbow.
The centaur warrior hits you.
There is an open door here.
You take 5 damage, and have 22/59 hp.
Aim: a centaur warrior (severely wounded)
The sticky flame hits the centaur warrior.
The centaur warrior is covered in liquid flames!
The centaur warrior burns!
The centaur warrior hits you. The centaur warrior hits you!
* * * LOW HITPOINT WARNING * * *
You take 15 damage, and have 7/59 hp.
MASSIVE DAMAGE!!
You now have 22/36 mp.
You hit the centaur warrior but do no damage.
Space warps horribly around the centaur warrior!
You kill the centaur warrior!
Vehumet accepts your kill.
Your Fighting skill increases to level 8!
Your Armour skill gained 2 levels and is now at level 2!
Your Fire Magic skill increases to level 11!
The centaur warrior shoots an arrow.
The arrow barely misses you.
The centaur warrior shoots an arrow.
The arrow hits you!!
You die...

####'#####'#__####...+
###..#...#.####§§#####
__####..##.#(§§c§#
_____##'#..+≈§§c§+
_.∩...'..._#≈≈§.§#
_..__##_.#'##'####
_____###'#.#§...###
########.####c###)##
......'...'.§§.)@(∩#
+++####...##########
###.### #.#'#.#
#.....# #..(..#
#######


You could see a centaur warrior.

Vanquished Creatures
  A centaur warrior (D)
  Sonja (D)
  A deep troll (D)
  2 kobold demonologists (D)
  A slime creature (D)
  Sigmund (D)
  A yak (D)
  A floating eye (D)
  An ogre (D)
  A jelly (D)
  Ijyb (D)
  3 ballistomycetes (D)
  A ballistomycete spore (D)
16 creatures vanquished.

Vanquished Creatures (others)
  2 hornets (D)
  A ballistomycete spore (D)
3 creatures vanquished.

Grand Total: 19 creatures vanquished

Notes
Turn   | Place    | Note
-------+----------+-------------------------------------------
     0 | D        | esc the Deep Elf Fire Elementalist began the quest for the Orb.
     0 | D        | Reached XP level 1. HP: 10/10 MP: 6/6
     1 | D        | Noticed Ijyb
    11 | D        | Killed Ijyb
    11 | D        | Reached skill level 1 in Fighting
    11 | D        | Reached skill level 3 in Dodging
    11 | D        | Reached skill level 4 in Spellcasting
    11 | D        | Reached skill level 2 in Conjurations
    11 | D        | Reached skill level 4 in Fire Magic
    11 | D        | Reached XP level 2. HP: 17/17 MP: 0/9
    77 | D        | Noticed an ogre
    82 | D        | Killed an ogre
    82 | D        | Reached skill level 3 in Fighting
    82 | D        | Reached skill level 5 in Dodging
    82 | D        | Reached skill level 5 in Spellcasting
    82 | D        | Reached skill level 4 in Conjurations
    82 | D        | Reached skill level 5 in Fire Magic
    82 | D        | Reached XP level 3. HP: 23/23 MP: 4/12
    82 | D        | Reached XP level 4. HP: 28/28 MP: 4/13
   160 | D        | Learned a level 4 spell: Sticky Flame
   160 | D        | Noticed Sigmund
   165 | D        | Killed Sigmund
   165 | D        | Reached skill level 4 in Fighting
   165 | D        | Reached skill level 7 in Dodging
   165 | D        | Reached skill level 7 in Spellcasting
   165 | D        | Reached skill level 6 in Conjurations
   165 | D        | Reached skill level 6 in Fire Magic
   165 | D        | Reached XP level 5. HP: 28/34 MP: 6/17
   165 | D        | Reached XP level 6. HP: 32/39 MP: 6/18
   247 | D        | Found a deep blue altar of Sif Muna.
   249 | D        | Found a radiant altar of Vehumet.
   252 | D        | Reached skill level 8 in Spellcasting
   252 | D        | Reached skill level 7 in Fire Magic
   282 | D        | Became a worshipper of Vehumet
   311 | D        | Found Luaqyl's Book Emporium.
   311 | D        | Found an ancient bone altar of Kikubaaqudgha.
   311 | D        | Found a hazy altar of Hepliaklqana.
   311 | D        | Found a stormy altar of Qazlal.
   311 | D        | Found a hide-covered altar of Uskayaw.
   311 | D        | Found a blossoming altar of Fedhas.
   311 | D        | Found a bloodstained altar of Trog.
   311 | D        | Found an iron altar of Okawaru.
   311 | D        | Found a basalt altar of Yredelemnul.
   311 | D        | Found a glowing golden altar of the Shining One.
   311 | D        | Found a snail-covered altar of Cheibriados.
   311 | D        | Found a sacrificial altar of Ru.
   311 | D        | Found a glowing silver altar of Zin.
   311 | D        | Found a shadowy altar of Dithmenos.
   311 | D        | Found a white marble altar of Elyvilon.
   311 | D        | Noticed a yak
   321 | D        | Killed a yak
   321 | D        | Reached skill level 5 in Fighting
   321 | D        | Reached skill level 8 in Dodging
   321 | D        | Reached skill level 7 in Conjurations
   331 | D        | Found an opulent altar of Gozag.
   332 | D        | Found a sparkling altar of Nemelex Xobeh.
   352 | D        | Learned a level 5 spell: Fireball
   353 | D        | Found a burning altar of Makhleb.
   353 | D        | Found a viscous altar of Jiyva.
   353 | D        | Found a shimmering altar of Xom.
   353 | D        | Found a corrupted altar of Lugonu.
   353 | D        | Noticed a slime creature
   360 | D        | Killed a slime creature
   360 | D        | Reached skill level 9 in Spellcasting
   360 | D        | Reached skill level 8 in Fire Magic
   360 | D        | Reached XP level 7. HP: 36/45 MP: 16/22
   370 | D        | Noticed Sonja
   429 | D        | Killed Sonja
   429 | D        | Reached * piety under Vehumet
   429 | D        | Offered knowledge of Shock by Vehumet.
   429 | D        | Reached skill level 6 in Fighting
   429 | D        | Reached skill level 10 in Dodging
   429 | D        | Reached skill level 10 in Spellcasting
   429 | D        | Reached skill level 9 in Conjurations
   429 | D        | Reached skill level 9 in Fire Magic
   429 | D        | Reached XP level 8. HP: 52/52 MP: 21/24
   481 | D        | Noticed a deep troll
   484 | D        | Killed a deep troll
   484 | D        | Reached skill level 7 in Fighting
   484 | D        | Reached skill level 11 in Spellcasting
   484 | D        | Reached skill level 10 in Fire Magic
   497 | D        | Found Dourarif's Armour Emporium.
   552 | D        | Noticed a kobold demonologist
   555 | D        | Noticed a kobold demonologist
   559 | D        | Killed a kobold demonologist
   559 | D        | Offered knowledge of Freeze by Vehumet.
   559 | D        | Reached ** piety under Vehumet
   559 | D        | Reached skill level 11 in Dodging
   559 | D        | Reached skill level 12 in Spellcasting
   559 | D        | Reached skill level 10 in Conjurations
   559 | D        | Reached XP level 9. HP: 51/57 MP: 12/27
   559 | D        | Killed a kobold demonologist
   593 | D        | Bought the +2 leather armour of the Morning {+Blink rPois rN+ MR+} for 560 gold pieces
   783 | D        | Found Dobluutz's Distillery.
   812 | D        | Bought a +2 helmet for 231 gold pieces
   825 | D        | Noticed a centaur warrior
   825 | D        | Noticed a centaur warrior
   832 | D        | HP: 10/59 [centaur warrior/arrow (17)]
   832 | D        | HP: 1/59 [centaur warrior/arrow (9)]
   841 | D        | HP: 7/59 [centaur warrior (12)]
   842 | D        | Killed a centaur warrior
   842 | D        | Reached skill level 8 in Fighting
   842 | D        | Reached skill level 2 in Armour
   842 | D        | Reached skill level 11 in Fire Magic
   842 | D        | Shot with an arrow by a centaur warrior

Vault maps used:
D:        dungeon_sprint_1

Skill      XL: |  1  2  3  4  5  6  7  8  9 |
---------------+----------------------------+-----
Fighting       | 1 3 4 5 6 7 8 |  8.3
Dodging        | 3 5 7 8 10 11 | 11.9
Spellcasting   | 4 5 7 9 10 12 | 12.8
Conjurations   | 2 4 6 7 9 10 | 10.8
Fire Magic     | 4 5 6 8 9 10 11 | 11.2
Armour         | 2 |  2.1
Stealth        | |  2.4

Action                   |  1- 3 |  4- 6 |  7- 9 || total
-------------------------+-------+-------+-------++-------
Melee: Unarmed           |     3 |       |       ||     3
       Short sword       |       |       |    13 ||    13
 Cast: Flame Tongue      |     8 |     9 |     1 ||    18
       Sticky Flame      |       |     3 |     7 ||    10
       Fireball          |       |     2 |     6 ||     8
 Abil: Evoke Blink       |       |       |     2 ||     2
  Use: Potion            |     1 |       |     1 ||     2
       Scroll            |       |       |     1 ||     1
  Eat: Chunk             |       |       |     1 ||     1
Armor: Leather armour    |       |       |     1 ||     1
Dodge: Dodged            |     2 |     3 |     8 ||    13

Vault maps used:
D:        dungeon_sprint_1

Table legend:
 A = Turns spent in this place as a percentage of turns spent in the entire game.
 B = Non-inter-level travel turns spent in this place as a percentage of non-inter-level travel turns spent in the entire game.
 C = Inter-level travel turns spent in this place as a percentage of turns spent in this place.
 D = Turns resting spent in this place as a percentage of non-inter-level travel turns spent in this place.
 E = Turns spent auto-exploring this place as a percentage of non-inter-level travel turns spent in this place.
 F = Non-inter-level travel turns spent in this place divided by the number of levels of this place that you've seen.
                   A       B       C       D       E      F
               +-------+-------+-------+-------+-------+----------------------
         Total | 100.0 | 100.0 |   0.0 |   4.8 |   0.0 | 396.0
       Dungeon | 100.0 | 100.0 |   0.0 |   4.8 |   0.0 | 396.0
               +-------+-------+-------+-------+-------+----------------------

Table legend:
 A = Kills in this place as a percentage of kills in entire the game.
 B = Kills by you in this place as a percentage of kills by you in the entire game.
 C = Kills by friends in this place as a percentage of kills by friends in the entire game.
 D = Other kills in this place as a percentage of other kills in the entire game.
 E = Experience gained in this place as a percentage of experience gained in the entire game.
 F = Experience gained in this place divided by the number of levels of this place that you have seen.
                   A       B       C       D       E      F
               +-------+-------+-------+-------+-------+----------------------
         Total | 100.0 | 100.0 |  -nan |  -nan | 100.0 | 4219.0
       Dungeon | 100.0 | 100.0 |  -nan |  -nan | 100.0 | 4219.0
               +-------+-------+-------+-------+-------+----------------------
